 Dungeon Sprint DCSS version 0.31-a0-986-g5e6e4ef867 (webtiles) character file.

Game seed: 2178996893366987566

22561 rocky1 the Wrestler (level 12, -6/113 HPs)
             Began as a Minotaur Shapeshifter on Nov 14, 2023.
             Was an Initiate of Gozag.
             Hit by a large rock thrown by a stone giant (39 damage)
             ... in the Dungeon (Sprint IX: "|||||||||||||||||||||||||||||").
             The game lasted 00:10:32 (3607 turns).

rocky1 the Wrestler (Minotaur Shapeshifter)         Turns: 3607, Time: 00:10:32

Health: -6/113     AC:  7    Str: 20    XL:     12   Next: 64%
Magic:  11/11      EV: 18    Int:  7    God:    Gozag
Gold:   117        SH:  0    Dex: 20    Spells: 11/11 levels left

rFire   + +          +
                       - Unarmed
rCold   . . .        (no shield)
rNeg    . . .        z - +3 salamander hide armour {Flames, rFlCloud rF++ rC--}
rPois   +            (helmet currently unavailable)
rElec   +            (cloak currently unavailable)
rCorr   +            (gloves currently unavailable)
SInv    .            (boots currently unavailable)
Will    .....        F - amulet of regeneration
Stlth   ++           C - ring of protection from cold
HPRegen 1.18/turn    D - +6 ring of dexterity
MPRegen 0.12/turn

%: no teleportation
@: mighty, brilliant, beast-form, resistant, gold aura, hasted, very quick
A: beast (slay +4), horns 2, retaliatory headbutt
a: Begin Untransformation, Renounce Religion, Potion Petition, Call Merchant,
Bribe Branch


You were in the Dungeon.
You worshipped Gozag.
Gozag was aware of your devotion.
You were a hulking beast.
You visited 1 branch You collected 9135 gold pieces.
You spent 4482 gold pieces at shops.
You paid 4536 gold pieces to Gozag.

Inventory:

Missiles
 b - 2 poisoned darts
 I - 3 throwing nets
Armour
 a - a +0 animal skin
 p - a +1 chain mail
 v - a +0 pair of boots
 w - a +0 cloak
 x - a +0 pair of gloves
 z - the +3 salamander hide armour (worn) {Flames, rFlCloud rF++ rC--}
   (You bought it in a shop in the Dungeon)

   Flames:    It surrounds you with flame clouds and enhances your fire magic.
   rFlCloud:  It grants immunity to flame clouds.
   rF++:      It greatly protects you from fire.
   rC--:      It makes you very vulnerable to cold.
 J - a +2 ring mail of fire resistance
 N - a +1 pair of gloves
 O - the +1 cloak of Vedghige {rF+ Str+3 Stlth+}
   (You found it in the Dungeon)

   Str+3:     It affects your strength (+3).
   rF+:       It protects you from fire.
   Stlth+:    It makes you more stealthy.
Jewellery
 n - a +3 ring of strength
 o - a +3 ring of strength
 C - a ring of protection from cold (left hand)
 D - a +6 ring of dexterity (right hand)
 E - a +6 ring of dexterity
 F - an amulet of regeneration (around neck)
 G - an amulet of magic regeneration
 H - a ring of poison resistance
 K - a ring of willpower
 L - a ring of see invisible
 M - a ring of fire
Talismans
 c - a beast talisman
 d - a flux talisman
Wands
 m - a wand of quicksilver (1)
 r - a wand of paralysis (10)
Scrolls
 j - 3 scrolls of blinking
 l - 3 scrolls of amnesia
 s - 3 scrolls of fear
 t - 4 scrolls of enchant armour
 u - 2 scrolls of enchant weapon
 A - 4 scrolls of identify
 B - a scroll of torment {unknown}
Potions
 e - 8 potions of curing
 g - 2 potions of haste
 h - 4 potions of magic
 i - 2 potions of mutation
 k - a potion of invisibility
 P - a potion of might
Miscellaneous
 q - a tin of tremorstones (2/2) (quivered)
 y - a sack of spiders


   Skills:
 * Level 12.8 Fighting
 + Level 14.4 Armour
 + Level 9.1 Dodging
 - Level 1.0 Stealth
 + Level 22.6 Unarmed Combat
 * Level 10.9 Evocations
 * Level 12.3 Shapeshifting


You had 11 spell levels left.
You didn't know any spells.
Your spell library contained the following spells:

 Spells                   Type           Power      Damage    Failure   Level
 Scorch                   Fire           0%         2d5       61%         2
 Inner Flame              Hex/Fire       0%         N/A       83%         3
 Starburst                Conj/Fire      0%         6d3       100%        6
 Fire Storm               Conj/Fire      0%         5d1       100%        9


Dungeon Overview and Level Annotations

Branches:
Dungeon (1/1)

Altars:
Cheibriados
Dithmenos
Elyvilon
Fedhas
Gozag
Hepliaklqana
Kikubaaqudgha
Makhleb
Nemelex Xobeh
Okawaru
Qazlal
Ru
Sif Muna
Trog
Uskayaw
Vehumet
Wu Jian
Xom
Yredelemnul
Zin
The Shining One
Jiyva
Lugonu

Shops:
D *[***(=(


Innate Abilities, Weirdness & Mutations

You are a hulking beast.
Your limbs bulge with bestial killing power. (Slay +4)
You have a pair of horns on your head.
You reflexively headbutt those who attack you in melee.


Message History

Unknown command.
You hit the stone giant. Your headbutt misses the stone giant.
The stone giant is moderately wounded.
A deep troll earth mage comes into view.
The stone giant is engulfed in blazing flames.
The stone giant hits you!!!
* * * LOW HITPOINT WARNING * * *
You hit the stone giant.
The stone giant is heavily wounded.
You punch the stone giant! You headbutt the stone giant!!
You punch the stone giant.
You kill the stone giant!
Your tin of tremorstones (2/2) has regained one charge.
Unknown command.
Non-targeted evoke: tin of tremorstones (2/2)
Press: ? - help, Q - select action, (/) - cycle Dir - look around, f - activate The tremorstone explodes into fragments!
The burst of rock shards engulfs the stone giant.
The burst of rock shards engulfs the ettin.
The burst of rock shards engulfs the white very ugly thing!!
The burst of rock shards engulfs the white very ugly thing!
The burst of rock shards engulfs the stone giant!
The burst of rock shards engulfs you.
* * * LOW HITPOINT WARNING * * *
The burst of rock shards engulfs the white very ugly thing!
You kill the white very ugly thing!
The burst of rock shards engulfs the stone giant.
The burst of rock shards engulfs you!
* * * LOW HITPOINT WARNING * * *
The burst of rock shards engulfs the stone giant but does no damage.
The burst of rock shards engulfs the ettin!
You hear a deafening roar!
The ettin is distracted by your dazzling golden aura.
The ettin shouts in stereo!
Your tin of tremorstones (2/2) has regained one charge.
Unknown command.
You feel much better.
The stone giant throws a large rock.
The large rock hits you!!!
You die...
Your body crumbles into a pile of gold.

▓▓▓▓▓▓▓▓▓▓▓▓▓▓▓▓▓▓▓▓▓▓▓▓
..∩∩∩.....'$$$.°h○C$.CT.
▓▓▓▓▓▓▓▓▓▓▓▓▓▓▓▓▓▓▓▓▓▓▓▓▓▓▓▓▓▓▓▓▓
.................................
▓▓▓▓▓▓▓▓▓▓▓▓▓▓▓▓▓▓▓▓▓▓▓▓▓▓▓▓▓▓▓▓▓
)).).)..'...)(∩)∩.∩.∩.....'......
▓▓▓▓▓▓▓▓▓▓▓▓▓▓▓▓▓▓▓▓▓▓▓▓▓▓▓▓▓▓▓▓▓
.................................
▓▓▓▓▓▓▓▓▓▓▓▓▓▓▓▓▓▓▓▓▓▓▓▓▓▓▓▓▓▓▓▓▓
.........'............'.....[..'.


You could see a stone giant, an ettin and a deep troll earth mage.

Vanquished Creatures
  A very ugly thing (D)
  2 stone giants (D)
  2 dire elephants (D)
  Harold (D)
  3 ogre magi (D)
  A centaur warrior (D)
  A deep troll shaman (D)
  A boulder beetle (D)
  An occultist (D)
  An iron troll (D)
  2 deep trolls (D)
  An orc knight (D)
  An orc sorcerer (D)
  A manticore (D)
  3 ugly things (D)
  2 black mambas (D)
  6 elephants (D)
  5 cane toads (D)
  2 komodo dragons (D)
  A rime drake (D)
  An efreet (D)
  8 trolls (D)
  A slime creature (D)
  A wyvern (D)
  2 basilisks (D)
  2 yaks (D)
  6 water moccasins (D)
  12 orc warriors (D)
  A wolf (D)
  A centaur (D)
  A kobold brigand (D)
  A scorpion (D)
  A howler monkey (D)
  2 hounds (D)
  4 orc priests (D)
  An iguana (D)
  6 orc wizards (D)
  2 orcs (D)
  2 ball pythons (D)
  A bat (D)
  A quokka (D)
  A frilled lizard (D)
  A rat (D)
97 creatures vanquished.

Vanquished Creatures (others)
  An unseen horror (D)
1 creature vanquished.

Grand Total: 98 creatures vanquished

Notes
Turn   | Place    | Note
-------+----------+-------------------------------------------
     0 | D        | rocky1 the Minotaur Shapeshifter began the quest for the
                  | Orb.
     0 | D        | Reached XP level 1. HP: 16/16 MP: 0/0
    18 | D        | Noticed a hound
    18 | D        | Noticed a scorpion
    18 | D        | Noticed an iguana
    18 | D        | Noticed a hound
    21 | D        | Killed a hound
    22 | D        | Reached skill level 5 in Unarmed Combat
    22 | D        | Reached XP level 2. HP: 21/23 MP: 1/1
    22 | D        | Reached XP level 3. HP: 25/28 MP: 2/2
    27 | D        | Killed a scorpion
    28 | D        | Reached skill level 7 in Unarmed Combat
    28 | D        | Reached skill level 5 in Shapeshifting
    28 | D        | Reached XP level 4. HP: 27/35 MP: 3/3
    35 | D        | Reached XP level 5. HP: 26/40 MP: 4/4
    92 | D        | Found a snail-covered altar of Cheibriados.
    92 | D        | Found a shadowy altar of Dithmenos.
    92 | D        | Found a white marble altar of Elyvilon.
    92 | D        | Found a blossoming altar of Fedhas.
    92 | D        | Found an opulent altar of Gozag.
    93 | D        | Found a hazy altar of Hepliaklqana.
    94 | D        | Found a viscous altar of Jiyva.
    95 | D        | Found an ancient bone altar of Kikubaaqudgha.
    96 | D        | Found a corrupted altar of Lugonu.
    97 | D        | Found a burning altar of Makhleb.
    98 | D        | Found a sparkling altar of Nemelex Xobeh.
    99 | D        | Found an iron altar of Okawaru.
   100 | D        | Found a stormy altar of Qazlal.
   101 | D        | Found a sacrificial altar of Ru.
   104 | D        | Became a worshipper of Gozag Ym Sagoz the Greedy
   107 | D        | Found a shimmering blue altar of Sif Muna.
   108 | D        | Found a bloodstained altar of Trog.
   109 | D        | Found a hide-covered altar of Uskayaw.
   110 | D        | Found a radiant altar of Vehumet.
   111 | D        | Found an ornate altar of the Wu Jian Council.
   112 | D        | Found a shimmering altar of Xom.
   113 | D        | Found a basalt altar of Yredelemnul.
   114 | D        | Found a glowing silver altar of Zin.
   115 | D        | Found a glowing golden altar of the Shining One.
   264 | D        | Noticed a wyvern
   264 | D        | Noticed a centaur
   264 | D        | Noticed a yak
   277 | D        | Killed an unseen horror
   278 | D        | Reached skill level 9 in Unarmed Combat
   278 | D        | Reached XP level 6. HP: 48/48 MP: 5/5
   281 | D        | Reached skill level 5 in Dodging
   281 | D        | Reached skill level 10 in Unarmed Combat
   283 | D        | Killed a wyvern
   284 | D        | Reached skill level 11 in Unarmed Combat
   284 | D        | Reached XP level 7. HP: 54/56 MP: 6/6
   293 | D        | Killed a yak
   298 | D        | Reached skill level 12 in Unarmed Combat
   664 | D        | Noticed a troll
   664 | D        | Noticed a slime creature
   664 | D        | Noticed a troll
   664 | D        | Noticed a green ugly thing
   664 | D        | Noticed a red ugly thing
   668 | D        | Killed a troll
   669 | D        | Reached skill level 5 in Armour
   669 | D        | Reached XP level 8. HP: 43/63 MP: 7/7
   669 | D        | Killed a troll
   670 | D        | Reached skill level 13 in Unarmed Combat
   670 | D        | Killed a slime creature
   670 | D        | Killed a red ugly thing
   671 | D        | Reached skill level 14 in Unarmed Combat
   671 | D        | Reached skill level 1 in Evocations
   671 | D        | Killed a red ugly thing
   672 | D        | Reached skill level 15 in Unarmed Combat
   672 | D        | Reached skill level 10 in Shapeshifting
   672 | D        | Reached XP level 9. HP: 50/71 MP: 8/8
  1047 | D        | Noticed a rime drake
  1047 | D        | Noticed a cane toad
  1047 | D        | Noticed a cane toad
  1047 | D        | Noticed a cane toad
  1049 | D        | Killed a rime drake
  1049 | D        | Noticed a cane toad
  1052 | D        | Killed a cane toad
  1053 | D        | Killed a cane toad
  1370 | D        | Noticed a komodo dragon
  1374 | D        | Killed a cane toad
  1375 | D        | Reached skill level 16 in Unarmed Combat
  1383 | D        | Killed a komodo dragon
  1387 | D        | Killed a cane toad
  1388 | D        | Reached skill level 5 in Evocations
  1388 | D        | Reached XP level 10. HP: 25/80 MP: 9/9
  1698 | D        | Noticed a black mamba
  1698 | D        | Noticed a black mamba
  1700 | D        | Killed a black mamba
  1701 | D        | Reached skill level 5 in Fighting
  1701 | D        | Reached skill level 10 in Armour
  1701 | D        | Reached skill level 17 in Unarmed Combat
  1701 | D        | Killed a black mamba
  1703 | D        | Noticed a cane toad
  1713 | D        | Killed a cane toad
  1738 | D        | Noticed a dire elephant
  1738 | D        | Noticed an elephant
  1738 | D        | Noticed a dire elephant
  1738 | D        | Noticed an elephant
  1738 | D        | Noticed an elephant
  1738 | D        | Noticed an elephant
  1739 | D        | Noticed an elephant
  1741 | D        | Killed an elephant
  1741 | D        | Noticed an elephant
  1748 | D        | Killed a dire elephant
  1749 | D        | Reached skill level 18 in Unarmed Combat
  1751 | D        | Killed an elephant
  1751 | D        | Killed an elephant
  1758 | D        | Killed a dire elephant
  1759 | D        | Reached XP level 11. HP: 37/95 MP: 10/10
  2239 | D        | Reached skill level 1 in Stealth
  2239 | D        | Reached skill level 19 in Unarmed Combat
  2631 | D        | Bought a sack of spiders for 680 gold pieces
  2631 | D        | Bought the Cyclopedia of Conflagration for 816 gold pieces
  2648 | D        | Noticed an orc knight
  2648 | D        | Noticed an orc sorcerer
  2659 | D        | Killed an orc knight
  2668 | D        | Killed an orc sorcerer
  2961 | D        | Found Cutiaf's Assorted Antiques.
  2961 | D        | Noticed an iron troll
  2961 | D        | Noticed an ogre mage
  2961 | D        | Noticed a deep troll
  2963 | D        | Reached skill level 10 in Fighting
  2967 | D        | Killed an ogre mage
  2968 | D        | Reached skill level 20 in Unarmed Combat
  2971 | D        | Killed an iron troll
  2971 | D        | Noticed a deep troll
  2972 | D        | Killed a deep troll
  2973 | D        | Found Gevaacio's Weapon Shoppe.
  2973 | D        | Noticed a stone giant
  2975 | D        | Found Luill's Jewellery Emporium.
  2980 | D        | Noticed an ogre mage
  2981 | D        | Killed a deep troll
  2983 | D        | Noticed an ogre mage
  2985 | D        | Killed a stone giant
  2986 | D        | Found Ikkoneaz's Weapon Shoppe.
  2989 | D        | Killed an ogre mage
  2990 | D        | Reached skill level 21 in Unarmed Combat
  2990 | D        | Reached XP level 12. HP: 37/110 MP: 11/11
  2990 | D        | Killed an ogre mage
  2991 | D        | Reached skill level 10 in Evocations
  3042 | D        | Bought the +3 salamander hide armour {Flames, rFlCloud rF++
                  | rC--} for 793 gold pieces
  3042 | D        | Found the +3 salamander hide armour {Flames, rFlCloud rF++
                  | rC--}
  3042 | D        | Bought a scroll labelled ERAOQOOGHI for 23 gold pieces
  3042 | D        | Bought a scroll labelled MATSA LOGICAWK for 23 gold pieces
  3042 | D        | Bought a scroll labelled ERAOQOOGHI for 23 gold pieces
  3046 | D        | Bought a ring of protection from cold for 300 gold pieces
  3046 | D        | Bought a +6 ring of dexterity for 432 gold pieces
  3046 | D        | Bought a +6 ring of dexterity for 432 gold pieces
  3046 | D        | Bought an amulet of regeneration for 360 gold pieces
  3046 | D        | Bought an amulet of magic regeneration for 360 gold pieces
  3046 | D        | Bought a ring of poison resistance for 240 gold pieces
  3435 | D        | Noticed Harold
  3447 | D        | Killed Harold
  3501 | D        | Found the +3 giant club "Skullcrusher" {speed, Str+7}
  3520 | D        | Got the +1 cloak of Vedghige {rF+ Str+3 Stlth+}
  3582 | D        | Noticed a centaur warrior
  3583 | D        | Noticed a boulder beetle
  3585 | D        | Killed a centaur warrior
  3587 | D        | Noticed a deep troll shaman
  3589 | D        | Noticed a stone giant
  3593 | D        | Noticed a white very ugly thing
  3594 | D        | Noticed an ettin
  3595 | D        | Noticed a stone giant
  3598 | D        | Killed a boulder beetle
  3599 | D        | Reached skill level 22 in Unarmed Combat
  3599 | D        | Killed a deep troll shaman
  3603 | D        | Noticed a deep troll earth mage
  3605 | D        | Killed a stone giant
  3606 | D        | Killed a white very ugly thing
  3607 | D        | Hit by a large rock thrown by a stone giant

Illustrated notes

Levels and vault maps discovered:
D:        linesprint [early_d, line_temple, items_1, d_10, items_2, lair_1,
          lair_end, items_3, orc_1, orc_end, items_4, d_15, swamp_1, shoals_1,
          snake_1, spider_1, d_20, vaults_1, items_5, swamp_end, shoals_end,
          snake_end, spider_end, vaults_end, d_27, items_6, zot_1, zot_end,
          crypt_end, forest_end, elf_end, slime_end, tomb_end, abyss_end,
          pan_hell_end]

Skill      XL: |  1  2  3  4  5  6  7  8  9 10 11 12 |
---------------+-------------------------------------+-----
Shapeshifting  | 4 5 6 7 8 9 10 11 12 | 12.3
Dodging        | 3 4 5 6 7 8 9 |  9.1
Unarmed Combat | 5 7 9 11 12 15 16 18 21 22 | 22.6
Fighting       | 2 3 4 8 11 12 | 12.8
Armour         | 2 3 5 7 9 11 13 14 | 14.4
Evocations     | 2 5 7 9 10 | 10.9
Stealth        | 1 |  1.0

Action                     |  1- 3 |  4- 6 |  7- 9 | 10-12 || total
---------------------------+-------+-------+-------+-------++-------
  Melee: Unarmed           |    17 |    24 |    31 |   121 ||   193
         Headbutt          |     1 |     2 |     2 |    29 ||    34
         Punch             |       |     2 |     1 |    15 ||    18
 Invoke: Call Merchant     |       |       |       |     4 ||     4
         Potion Petition   |       |       |       |     2 ||     2
  Evoke: Wand              |       |       |     7 |     2 ||     9
         Tin of tremorston |       |       |     3 |    17 ||    20
    Use: Potion            |       |     3 |       |     8 ||    11
   Stab: Distracted        |       |       |       |     1 ||     1
 Armour: Animal skin       |     5 |     3 |       |       ||     8
         Skin              |       |    15 |     8 |       ||    23
         Chain mail        |       |    11 |    17 |    70 ||    98
         Leather armour    |       |       |       |    15 ||    15
  Dodge: Dodged            |    13 |     7 |    11 |    37 ||    68

Table legend: (Time is in decaauts)
 A = Elapsed time spent in this place.
 B = Non-inter-level travel time spent in this place.
 C = Inter-level travel time spent in this place.
 D = Time resting spent in this place.
 E = Time spent auto-exploring this place.
 F = Levels seen in this place.
 G = Mean time per level.
                   A        B        C        D        E       F      G
               +--------+--------+--------+--------+--------+-----+--------+
         Total |   3552 |   3552 |      0 |   2569 |      0 |   1 | 3552.0 |
       Dungeon |   3552 |   3552 |      0 |   2569 |      0 |   1 | 3552.0 |
               +--------+--------+--------+--------+--------+-----+--------+

Top non-repeatable levels by time:
       D: 3552 daAuts
